 Dungeon Crawl Stone Soup version 0.28.0-45-g0d030f2227 (webtiles) character file.

Game seed: 13649732126026666323

6 OrbIsHorse the Poker (level 1, 0/17 HPs)
             Began as a Merfolk Gladiator on Apr 9, 2022.
             Slain by a worm (3 damage)
             ... on level 2 of the Dungeon.
             The game lasted 00:02:35 (273 turns).

OrbIsHorse the Poker (Merfolk Gladiator)             Turns: 273, Time: 00:02:36

Health: 0/17       AC:  4    Str: 14    XL:     1   Next: 90%
Magic:  1/1        EV: 13    Int:  7    God:
Gold:   5          SH:  0    Dex: 15    Spells: 0/0 levels left

rFire   . . .      SeeInvis .   a - +0 trident
rCold   . . .      Faith    .   (no shield)
rNeg    . . .      Spirit   .   b - +0 leather armour
rPois   .          Reflect  .   c - +0 helmet
rElec   .          Harm     .   (no cloak)
rCorr   .          Rampage  .   (no gloves)
Will    .....                   (no boots)
Stlth   +.........              (no amulet)
HPRegen 0.05/turn               (no ring)
MPRegen 0.07/turn               (no ring)

@: no status effects
A: (nimble swimmer 2), mertail
a: no special abilities


You were on level 2 of the Dungeon.
You visited 1 branch of the dungeon, and saw 2 of its levels.

You collected 5 gold pieces.

Inventory:

Hand Weapons
 a - a +0 trident (weapon)
 e - a +0 hunting sling
Missiles
 d - 2 throwing nets (quivered)
Armour
 b - a +0 leather armour (worn)
 c - a +0 helmet (worn)
Potions
 f - a potion of curing {unknown}


   Skills:
 + Level 2.4 Fighting
 + Level 4.5 Polearms
 + Level 2.2 Throwing
 + Level 4.0 Dodging


You couldn't memorise any spells.
You didn't know any spells.
Your spell library was empty.

Dungeon Overview and Level Annotations

Branches:
Dungeon (2/15)

Altars:

Shops:
D:1 *:?


Innate Abilities, Weirdness & Mutations

((You are very nimble when in or above water. (Stealth+, EV+, Speed+++)))
Your lower body shifts to a powerful aquatic tail in water.


Message History

a +0 short sword; 3 stones The dart slug misses you.
You hit the dart slug but do no damage. You hit the dart slug but do no damage.
The dart slug misses you.
You puncture the dart slug!
The dart slug is almost dead.
The dart slug bites you but does no damage.
You completely miss the dart slug.
The dart slug is almost dead.
The dart slug launches a dart at you. The slug dart hits you.
You hit the dart slug.
You kill the dart slug!
The worm misses you.
You see here a dart slug corpse.
You hit the worm but do no damage. You puncture the worm!
The worm is heavily wounded.
The worm bites you!
* * * LOW HITPOINT WARNING * * *
You hit the worm.
The worm is severely wounded.
The worm misses you.
You barely miss the worm.
The worm is heavily wounded.
You hit the worm.
The worm is severely wounded.
The worm bites you.
* * * LOW HITPOINT WARNING * * *
You barely miss the worm. Your punch misses the worm.
The worm is severely wounded.
The worm closely misses you.
You hit the worm.
The worm is severely wounded.
A ball python comes into view.
The ball python hisses angrily.
You hit the worm.
The worm is severely wounded.
The worm bites you.
You die...

###.......#
..........#
###.......#
#....####.## #.#..##
#..# #.#...# ##.# ..
.##.#.#.####.#####...
.....................
.#.....)@...S...
#######w######. #..#
##.# .# .# .. .. ...


You could see a worm and a ball python.

Vanquished Creatures
  A dart slug (D:2)
  A bat (D:1)
  A ball python (D:1)
  A frilled lizard (D:1)
  A kobold (D:2)
5 creatures vanquished.

Vanquished Creatures (others)
  A plant (D:1)
1 creature vanquished.

Grand Total: 6 creatures vanquished

Notes
Turn   | Place    | Note
-------+----------+-------------------------------------------
     0 | D:1      | OrbIsHorse the Merfolk Gladiator began the quest for the
                  | Orb.
     0 | D:1      | Reached XP level 1. HP: 16/16 MP: 1/1
    20 | D:1      | Found Nelatav's Magic Scroll Boutique.
   176 | D:1      | Found Zast's Book Emporium.
   220 | D:1      | Found Wikh's General Store.
   273 | D:2      | Slain by a worm

Illustrated notes

Levels and vault maps discovered:
D:1:      lightli_arrival_statuegarden, layout_basic,
          ebering_ecumenical_altar_rust, serial_shops, nicolae_shop_waterfront,
          nicolae_shop_window_shopping, shop_statue, nicolae_shop_stone,
          nicolae_shop_stone, grunt_decor_cap
D:2:      layout_basic, basic_altar, corexii_leaking_fountain

Action                   || total
-------------------------++-------
Melee: Trident           ||    24
Throw: Throwing net      ||     1
Armor: Leather armour    ||     7
Dodge: Dodged            ||    12
